[Event "*** Titled Tuesday Blitz"]
[Site "Chess.com"]
[Date "2019.02.05"]
[Round "4"]
[White "djogrodek1"]
[Black "albi1999"]
[Result "0-1"]
[WhiteElo "2394"]
[BlackElo "2496"]
[TimeControl "180+2"]
[EndTime "13:48:21 PST"]
[Termination "albi1999 won by resignation"]

1. e4 e5 2. Nf3 Nc6 3. Bc4 Bc5 4. O-O Nf6 5. d3 d6 6. Nbd2 h6 7. c3 a6 8. a4 Ba7 9. Re1 Ng4 10. Re2 f5 11. h3 Qf6 12. exf5 Nxf2 13. Rxf2 Bxf2+ 14. Kxf2 Bxf5 15. Ne4 Qe7 16. b4 O-O-O 17. Bd5 Be6 18. Qb3 Bxd5 19. Qxd5 Nb8 20. b5 a5 21. Be3 b6 22. Kg1 Rhf8 23. Ned2 g5 24. Nc4 Qf7 25.
Qxf7 Rxf7 26. Nfd2 Nd7 27. Nf3 Re8 28. Ncd2 d5 29. c4 d4 30. Bf2 Nc5 31. Ne1 Ref8 32. Bg3 e4 33. dxe4 d3 34. Rd1 Rd7 35. e5 Nxa4 36.
Ne4 Nb2 37. Rxd3 Nxd3 38. Nxd3 Rxd3 0-1

[Event "*** Titled Tuesday Blitz"]
[Site "Chess.com"]
[Date "2019.02.05"]
[Round "4"]
[White "GM_dmitrij"]
[Black "Parhamov"]
[Result "0-1"]
[WhiteElo "2772"]
[BlackElo "2973"]
[TimeControl "180+2"]
[EndTime "13:48:28 PST"]
[Termination "Parhamov won by resignation"]

1. e4 g6 2. d4 Bg7 3. Nc3 d6 4. f4 a6 5. Nf3 b5 6. Bd3 Nd7 7.
e5 Bb7 8. O-O c5 9. exd6 cxd4 10. Ne4 Ngf6 11. dxe7 Qxe7 12. Nxf6+ Nxf6 13. Re1 Ne4 14. Ng5 f5 15. Qe2 O-O 16. Nxe4 fxe4 17. Bxe4 Bxe4 18.
Qxe4 Qxe4 19. Rxe4 Rac8 20. Re2 Rc5 21. a4 Rfc8 22.
axb5 axb5 23. c3 b4 24. Kf1 d3 25. Rf2 bxc3 26. bxc3 Bxc3 27. Ra3 Bb4 28. Rxd3 Rxc1+ 29. Ke2 Bc5 30. Rf1 Re8+ 0-1

[Event "*** Titled Tuesday Blitz"]
[Site "Chess.com"]
[Date "2019.02.05"]
[Round "4"]
[White "kintoho"]
[Black "Bayernbk"]
[Result "1/2-1/2"]
[WhiteElo "2481"]
[BlackElo "2421"]
[TimeControl "180+2"]
[EndTime "13:48:29 PST"]
[Termination "Game drawn by stalemate"]

1. e4 c6 2. d4 d5 3. e5 Bf5 4.
h4 h5 5. c4 e6 6. Bg5 Be7 7. Qd2 Bxg5 8. Qxg5 Qxg5 9. hxg5 Ne7 10.
Nc3 Nd7 11. O-O-O dxc4 12. Bxc4 Nb6 13. Be2 Nbd5 14. Rxh5 Rxh5 15. Bxh5 O-O-O 16. Nge2 Rh8 17. Bf3 Rh2 18. a3 Ng6 19. Nxd5 exd5 20. Ng3 Nh4 21. Nxf5 Nxf5 22. Bg4 g6 23. Bxf5+ gxf5 24. Rg1 Rh4 25. g4 fxg4 26. Kd2 g3 27. f3 Rxd4+ 28. Ke3 Rh4 29. Rxg3 Kd7 30. g6 fxg6 31. Rxg6 d4+ 32. Kd3 Rf4 33. Ke2 Rf5 34. Rd6+ Ke7 35. Rxd4 Rxe5+ 36. Re4 Rxe4+ 37. fxe4 Ke6 38. b4 b6 39. Kd3 Ke5 40.
Ke3 c5 41. bxc5 bxc5 42. Kd3 c4+ 43. Kxc4 Kxe4 44. Kb5 Kd5 45. a4 a5 46. Kxa5 Kc6 47.
Ka6 Kc7 48. Ka7 Kc8 49. Ka8 Kc7 50. a5 Kc8 51. a6 Kc7 52. a7 Kc8 1/2-1/2

[Event "*** Titled Tuesday Blitz"]
[Site "Chess.com"]
[Date "2019.02.05"]
[Round "4"]
[White "Grischuk"]
[Black "Korchmar_Vasiliy"]
[Result "1-0"]
[WhiteElo "3043"]
[BlackElo "2764"]
[TimeControl "180+2"]
[EndTime "13:48:30 PST"]
[Termination "Grischuk won by resignation"]

1. Nf3 c5 2. e4 d6 3. Bb5+ Nd7 4. O-O a6 5. Bd3 Ngf6 6. Re1 e6 7. c3 b5 8. Bc2 Bb7 9. d4 Be7 10. Nbd2 Qc7 11.
Nf1 O-O 12. Ng3 Rfe8 13. h3 Rac8 14. Bd3 Bf8 15. Be3 g6 16. a4 c4 17. Bc2 e5 18.
d5 Nc5 19. Qd2 bxa4 20. Bg5 Nfd7 21. Bxa4 Nxa4 22. Rxa4 Qb6 23. Be3 Qc7 24. Rea1 Bg7 25. Qe2 h6 26. Nd2 f5 27. exf5 Bxd5 28. fxg6 Nc5 29.
Bxc5 Qxc5 30. Rxa6 e4 31. R1a5 Qc7 32. Rxd5 1-0

[Event "*** Titled Tuesday Blitz"]
[Site "Chess.com"]
[Date "2019.02.05"]
[Round "4"]
[White "jeetjain"]
[Black "arctic_t00"]
[Result "1-0"]
[WhiteElo "2352"]
[BlackElo "2359"]
[TimeControl "180+2"]
[EndTime "13:48:30 PST"]
[Termination "jeetjain won on time"]

1. e4 e6 2. d4 d5 3. Nc3 Nf6 4. e5 Nfd7 5. Nce2 c5 6. f4 Nc6 7. Nf3 f6 8. c3 Be7 9. a3 b5 10. g3 O-O 11. Bg2 Qb6 12. Be3 fxe5 13. fxe5 cxd4 14.
cxd4 Ndxe5 15. O-O Nc4 16. Bf2 Nxb2 17. Qc2 Nc4 18.
Nf4 Nxa3 19. Rxa3 Bxa3 20. Ng5 Rf5 21. Nfxe6 Ne7 22. g4 Bxe6 23. gxf5 Bxf5 24. Qa2 Qd6 25. Bg3 Qg6 26. Bxd5+ Kh8 27. Bxa8 Qxg5 28. Qxa3 h5 29. Kh1 h4 30. Bf4 1-0

[Event "*** Titled Tuesday Blitz"]
[Site "Chess.com"]
[Date "2019.02.05"]
[Round "4"]
[White "Caterpiller35"]
[Black "dmosesov"]
[Result "0-1"]
[WhiteElo "2233"]
[BlackElo "2359"]
[TimeControl "180+2"]
[EndTime "13:48:30 PST"]
[Termination "dmosesov won by resignation"]

1. d4 Nf6 2. Bg5 Ne4 3. Bf4 c5 4. f3 Qa5+ 5. c3 Nf6 6. Nd2 cxd4 7. Nb3 Qd8 8. cxd4 d5 9. e3 Nc6 10. g4 e6 11. Rc1 Bb4+ 12. Kf2 O-O 13. Bd3 Re8 14.
Ne2 e5 15. dxe5 Nxe5 16. Bb1 Nexg4+ 17. fxg4 Nxg4+ 18. Kg3 g5 19. Qd3 gxf4+ 20. Kg2 Qh4 21. Qxh7+ Qxh7 22. Bxh7+ Kxh7 23. Nxf4 Nxe3+ 24. Kf3 Bg4+ 25.
Kg3 Bd7 26. Rc7 Nf5+ 27. Kf3 Rad8 28. Rxb7 Bd6 29. Nxd5 Bc6 30. Rxf7+ Ng7 31. Rd1 Bb8 32.
Rg1 Bxd5+ 0-1

[Event "*** Titled Tuesday Blitz"]
[Site "Chess.com"]
[Date "2019.02.05"]
[Round "4"]
[White "Shant_Sargsyan"]
[Black "SuperCheese"]
[Result "1-0"]
[WhiteElo "2811"]
[BlackElo "2576"]
[TimeControl "180+2"]
[EndTime "13:48:31 PST"]
[Termination "Shant_Sargsyan won by checkmate"]

1. e4 e5 2. Nf3 Nc6 3. d4 exd4 4. Nxd4 Nf6 5. Nc3 Bb4 6. Nxc6 bxc6 7. Bd3 O-O 8. O-O Re8 9. Qf3 Rb8 10. Bg5 h6 11.
Bh4 d6 12. h3 Bc5 13. Rad1 Bd4 14. Na4 Be5 15. b3 c5 16. Rfe1 Bd7 17. Bc4 Bxa4 18. bxa4 Rb4 19. Bb5 Re6 20. c3 Rb2 21. Bc4 Re8 22.
Bb3 Qb8 23. Bxf6 Bxf6 24. e5 dxe5 25. Rd7 Rf8 26. Qd5 c4 27. Qxc4 Qb6 28. Rf1 e4 29.
Rxf7 Rxf7 30. Qxf7+ Kh7 31. Qg8+ Kg6 32. Qe8+ Kg5 33. Qxe4 h5 34. Bc2 Bxc3 35. h4+ Kh6 36. Qh7# 1-0

[Event "*** Titled Tuesday Blitz"]
[Site "Chess.com"]
[Date "2019.02.05"]
[Round "4"]
[White "Agent-JL"]
[Black "volcanoexplorer"]
[Result "0-1"]
[WhiteElo "2238"]
[BlackElo "2362"]
[TimeControl "180+2"]
[EndTime "13:48:31 PST"]
[Termination "volcanoexplorer won by resignation"]

1. e4 e5 2. Nf3 Nc6 3. Nc3 Nf6 4.
Bc4 Be7 5. O-O O-O 6. d3 d6 7. h3 Na5 8. Be3 Nxc4 9. dxc4 Be6 10. Qd3 h6 11. Rad1 Nd7 12. Rd2 c6 13. Rfd1 f5 14. exf5 Bxf5 15. Qe2 Qe8 16. Re1 Qg6 17. Kh2 Rf7 18. Ng1 Raf8 19. f4 Bh4 20. Red1 Bg3+ 21.
Kh1 exf4 22. Rxd6 Nf6 23. Bc1 f3 24. Nxf3 Bxd6 25. Rxd6 Qh7 26. c5 Bxc2 27. Qc4 Nd5 28.
Nxd5 cxd5 29. Qxd5 Be4 30. Qb3 Bxf3 31. gxf3 Qf5 32.
Kg2 Qxc5 33. Qd1 Rxf3 34. Qxf3 Rxf3 0-1

[Event "*** Titled Tuesday Blitz"]
[Site "Chess.com"]
[Date "2019.02.05"]
[Round "4"]
[White "Kurai"]
[Black "GukeshDommaraju"]
[Result "0-1"]
[WhiteElo "2482"]
[BlackElo "2694"]
[TimeControl "180+2"]
[EndTime "13:48:32 PST"]
[Termination "GukeshDommaraju won by resignation"]

1. e4 c5 2. Nf3 Nc6 3. d4 cxd4 4. Nxd4 Nf6 5. Nc3 e5 6. Ndb5 d6 7. Nd5 Nxd5 8. exd5 Ne7 9. a4 Ng6 10. Bd3 Be7 11. O-O O-O 12. a5 a6 13. Nc3 f5 14.
f3 Bg5 15. g3 Bd7 16. b4 e4 17. fxe4 Bxc1 18. Qxc1 f4 19. gxf4 Nxf4 20. Ne2 Qg5+ 21. Ng3 h5 22. Rxf4 Rxf4 23. Kh1 Bg4 24. Be2 h4 25.
Bxg4 Qxg4 26. Nf5 Qf3+ 27. Kg1 Rg4+ 0-1

[Event "*** Titled Tuesday Blitz"]
[Site "Chess.com"]
[Date "2019.02.05"]
[Round "4"]
[White "TakeMyPieces97"]
[Black "Lagravesamuell"]
[Result "0-1"]
[WhiteElo "2262"]
[BlackElo "2463"]
[TimeControl "180+2"]
[EndTime "13:48:32 PST"]
[Termination "Lagravesamuell won by checkmate"]

1. e4 c6 2. d4 d5 3. e5 Bf5 4. Nc3 e6 5. g4 Bg6 6. Nge2 c5 7. h4 h5 8. Nf4 Nc6 9. dxc5 Bxc5 10. Nxg6 fxg6 11.
Bg5 Qb6 12. Qd2 Nge7 13. O-O-O Bd4 14. Na4 Qc7 15. f4 hxg4 16. Bb5 Nf5 17. Kb1 a6 18.
Be2 b5 19. Nc3 b4 20. Na4 g3 21. Bf3 a5 22. Qd3 Rc8 23. h5 gxh5 24. Bxh5+ Kd7 25. Bg4 Rxh1 26. Rxh1 g2 27. Rd1 g6 28. Qh3 Nce7 29.
Bxe7 Qxc2+ 30. Ka1 Qc1+ 31. Rxc1 Rxc1# 0-1

[Event "*** Titled Tuesday Blitz"]
[Site "Chess.com"]
[Date "2019.02.05"]
[Round "4"]
[White "Sosat98"]
[Black "PotapovaM"]
[Result "1-0"]
[WhiteElo "2589"]
[BlackElo "2438"]
[TimeControl "180+2"]
[EndTime "13:48:35 PST"]
[Termination "Sosat98 won by checkmate"]

1. e4 c5 2. Nc3 d6 3. d4 cxd4 4. Qxd4 Nc6 5. Qd2 g6 6. b3 Bh6 7.
f4 Nf6 8. Bb2 O-O 9. O-O-O a5 10.
a4 Nb4 11. Kb1 Qb6 12. Nf3 Bg4 13. Be2 Rac8 14. Rc1 e5 15. g3 exf4 16. gxf4 Nh5 17.
Nd5 Nxd5 18. Qxd5 Nxf4 19. Qd2 f6 20. Rcf1 Kg7 21. Bc4 Rxc4 22. bxc4 Be6 23. Nd4 Bxc4 24. Rxf4 Qc5 25. Rg1 Rc8 26. Nf5+ Kh8 27. Nxh6 Qxg1+ 28. Qc1 Qxc1+ 29. Kxc1 Be6 30. Bxf6# 1-0

[Event "*** Titled Tuesday Blitz"]
[Site "Chess.com"]
[Date "2019.02.05"]
[Round "4"]
[White "26andrej26"]
[Black "ITheOnlyME"]
[Result "1-0"]
[WhiteElo "2416"]
[BlackElo "2266"]
[TimeControl "180+2"]
[EndTime "13:48:37 PST"]
[Termination "26andrej26 won by resignation"]

1. e4 c5 2. Nf3 g6 3. d4 cxd4 4.
Nxd4 Bg7 5. Nc3 Nc6 6. Be3 Nf6 7. Bc4 O-O 8. Bb3 d5 9. exd5 Na5 10. Nde2 b6 11.
Qd2 Bb7 12. Rd1 Nxb3 13. axb3 Qd7 14. O-O Rfd8 15. Nf4 h6 16. Bd4 Rac8 17. Rfe1 g5 18. Bxf6 Bxf6 19. Nfe2 Rc5 20. b4 Rc4 21. b3 Rxb4 22.
Ng3 Rd4 23. Qe3 Rxd1 24. Rxd1 Qg4 25. h3 Qb4 26. Nce4 Rxd5 27. Nxf6+ exf6 28. Rxd5 Bxd5 29. Nh5 Qd6 30. Qd4 Qc5 31. Qxd5 Qxd5 32. Nxf6+ Kg7 33.
Nxd5 f5 34. f4 1-0

[Event "*** Titled Tuesday Blitz"]
[Site "Chess.com"]
[Date "2019.02.05"]
[Round "4"]
[White "AliKa2810"]
[Black "ruvat"]
[Result "1-0"]
[WhiteElo "2468"]
[BlackElo "2283"]
[TimeControl "180+2"]
[EndTime "13:48:38 PST"]
[Termination "AliKa2810 won by resignation"]

1. e4 d6 2. d4 Nf6 3. Nc3 g6 4. f4 Bg7 5. Nf3 O-O 6. Bd3 Na6 7.
O-O c5 8. d5 Bg4 9. h3 Bxf3 10.
Qxf3 Nb4 11. Kh1 Rc8 12. a3 Nxd3 13. Qxd3 a6 14. a4 Qa5 15. e5 c4 16. Qf3 dxe5 17.
fxe5 Nd7 18. Bf4 Nxe5 19. Qe2 Nd7 20. Qxe7 Nc5 21. Rae1 Qd8 22. d6 Re8 23. Qxd8 Rcxd8 24. Bg5 Rc8 25. Nd5 Kf8 26. Nb6 Rb8 27. Be7+ Kg8 28. d7 Nxd7 29. Nxd7 Rbc8 30. Nf6+ Bxf6 31. Bxf6 1-0

[Event "*** Titled Tuesday Blitz"]
[Site "Chess.com"]
[Date "2019.02.05"]
[Round "4"]
[White "Artur0208"]
[Black "GataKamsky1974"]
[Result "0-1"]
[WhiteElo "2641"]
[BlackElo "2734"]
[TimeControl "180+2"]
[EndTime "13:48:40 PST"]
[Termination "GataKamsky1974 won on time"]

1. d4 d5 2. c4 c6 3. Nf3 Nf6 4. Nc3 a6 5. c5 g6 6. Bf4 Nh5 7. Be5 Bg7 8. e3 O-O 9. Be2 Bg4 10. Bxg7 Nxg7 11. Ne5 Bxe2 12. Qxe2 Nd7 13. Nd3 Re8 14.
f4 f6 15. O-O e5 16. fxe5 fxe5 17. Qg4 Qe7 18. Rf2 Rf8 19. Raf1 Rxf2 20. Rxf2 Re8 21.
h3 Nf6 22. Qg3 exd4 23. exd4 Ne4 24. Nxe4 Qxe4 25. Ne5 Qxd4 26. Ng4 Nf5 27. Qc7 h5 28. Qd7 Re1+ 29. Kh2 hxg4 30. Qc8+ Kg7 31. Rxf5 gxf5 32. Qd7+ Kg6 33. Qd6+ Kh5 34. Qf8 Qg1+ 0-1

[Event "*** Titled Tuesday Blitz"]
[Site "Chess.com"]
[Date "2019.02.05"]
[Round "4"]
[White "Pilopa"]
[Black "Alexander_Donchenko"]
[Result "0-1"]
[WhiteElo "2472"]
[BlackElo "2675"]
[TimeControl "180+2"]
[EndTime "13:48:43 PST"]
[Termination "Alexander_Donchenko won by resignation"]

1. d4 Nf6 2. c4 e6 3. Nf3 c5 4.
e3 cxd4 5. exd4 b6 6. Nc3 Bb7 7. Bd3 Bb4 8. O-O O-O 9. Bg5 h6 10. Bh4 Bxf3 11. Qxf3 Nc6 12. Ne2 Be7 13. Rad1 d5 14.
Bxf6 Bxf6 15. cxd5 exd5 16. Bb5 Rc8 17. Bxc6 Rxc6 18. Nf4 Rd6 19. Rfe1 Re8 20. Rxe8+ Qxe8 21. Nxd5 Bxd4 22. g3 Bxb2 23. Qb3 Qe2 24. Rd3 Qe1+ 25. Kg2 Qe4+ 26. Kg1 Bd4 27. Ne3 Rc6 28. Nc2 Bf6 29. h4 Qe2 30. Rd8+ Bxd8 0-1

[Event "*** Titled Tuesday Blitz"]
[Site "Chess.com"]
[Date "2019.02.05"]
[Round "4"]
[White "ajkom197"]
[Black "BillForster"]
[Result "1-0"]
[WhiteElo "2427"]
[BlackElo "1711"]
[TimeControl "180+2"]
[EndTime "13:48:44 PST"]
[Termination "ajkom197 won by resignation"]

1. c4 c6 2. Nc3 d5 3. e3 Nf6 4. Nf3 e6 5. d4 Nbd7 6. cxd5 exd5 7. Bd3 Bd6 8. O-O O-O 9. e4 dxe4 10. Nxe4 Nxe4 11. Bxe4 Qc7 12. h3 Nf6 13. Bc2 Bd7 14. Qd3 Rfe8 15. Bg5 Ne4 16. Rfe1 Bf5 17. Ne5 Bxe5 18.
dxe5 Qxe5 19. Qe3 Bg6 20. Bf4 Qc5 21. Bb3 Qxe3 22. Rxe3 Nf6 23. Rae1 Rad8 24. Bg5 Rxe3 25. Rxe3 Rd6 26. Re7 h6 27. Bf4 Nd5 28. Bxd6 Nxe7 29. Bxe7 1-0

[Event "*** Titled Tuesday Blitz"]
[Site "Chess.com"]
[Date "2019.02.05"]
[Round "4"]
[White "GHANDEEVAM2003"]
[Black "RojonR"]
[Result "0-1"]
[WhiteElo "2836"]
[BlackElo "2504"]
[TimeControl "180+2"]
[EndTime "13:48:48 PST"]
[Termination "RojonR won by checkmate"]

1. d4 Nf6 2. c4 e6 3. g3 Bb4+ 4. Bd2 Qe7 5. Bg2 Bxd2+ 6. Qxd2 Nc6 7. Nc3 O-O 8. Nf3 d5 9. Ne5 dxc4 10. Nxc4 Rd8 11. e3 e5 12. d5 e4 13. O-O b5 14.
dxc6 Rxd2 15. Nxd2 Bf5 16. Nxb5 Rb8 17. Nd4 Bg4 18. Nc4 h5 19. b3 h4 20. h3 Be6 21.
Nd2 hxg3 22. fxg3 Qd6 23. Rf4 Nd5 24. Nc4 Qb4 25. Rxe4 Nc3 26. Rxe6 fxe6 27. Nxe6 Ne2+ 28.
Kh2 Qe7 29. Bd5 Nc3 30. Nxc7+ Nxd5 31. Nxd5 Qe4 32. c7 Rf8 33. Rf1 Rxf1 34. c8=Q+ Kh7 35. g4 Qc2+ 36. Kg3 Qf2# 0-1

[Event "*** Titled Tuesday Blitz"]
[Site "Chess.com"]
[Date "2019.02.05"]
[Round "4"]
[White "kleinebeer98"]
[Black "murmah2003"]
[Result "1-0"]
[WhiteElo "2703"]
[BlackElo "2659"]
[TimeControl "180+2"]
[EndTime "13:48:49 PST"]
[Termination "kleinebeer98 won on time"]

1. e4 Nf6 2. Nc3 d5 3. exd5 Nxd5 4. Qf3 Nf6 5. Bb5+ c6 6. Bc4 Bg4 7. Qg3 e6 8. h3 Bd6 9. Qh4 Bf5 10. d3 Nbd7 11. Nf3 h6 12. a4 Qc7 13. Qd4 Bh7 14.
O-O O-O 15. Qh4 Qa5 16. Re1 Bg6 17.
Bf4 Be7 18. Ne5 Nxe5 19. Rxe5 Qd8 20. Qg3 Bd6 21. Qf3 Bxe5 22. Bxe5 Nd5 23. Ne4 f6 24. Bh2 Re8 25. Re1 e5 26. Ng3 Qd7 27. h4 Bf7 28. Nf5 Nf4 29. Qg4 1-0

[Event "*** Titled Tuesday Blitz"]
[Site "Chess.com"]
[Date "2019.02.05"]
[Round "4"]
[White "riconaipe"]
[Black "valeriocarnicelli"]
[Result "0-1"]
[WhiteElo "2444"]
[BlackElo "2447"]
[TimeControl "180+2"]
[EndTime "13:48:53 PST"]
[Termination "valeriocarnicelli won on time"]

1. d4 d5 2. c4 c6 3. Nf3 Nf6 4.
Nc3 dxc4 5. a4 Bf5 6. Ne5 Nbd7 7. Nxc4 Qc7 8. g3 e5 9. dxe5 Nxe5 10. Bf4 Nfd7 11.
Bg2 f6 12. O-O Be6 13. Ne3 Bb4 14. Nc2 Bxc3 15. bxc3 O-O-O 16. Nd4 Bf7 17. a5 g5 18. a6 gxf4 19. axb7+ Qxb7 20. gxf4 Rhg8 21. Nf5 Rxg2+ 22. Kxg2 Bd5+ 23. f3 Nc4 24. Qa4 Rg8+ 25. Kh1 Kb8 26. Rfb1 Ndb6 27. Qb4 c5 0-1

[Event "*** Titled Tuesday Blitz"]
[Site "Chess.com"]
[Date "2019.02.05"]
[Round "4"]
[White "IngOscarArdila"]
[Black "Vadim_Biliy"]
[Result "1-0"]
[WhiteElo "2045"]
[BlackElo "2124"]
[TimeControl "180+2"]
[EndTime "13:48:53 PST"]
[Termination "IngOscarArdila won by resignation"]

1. e4 d6 2. d3 Nf6 3. Nd2 g6 4. Ngf3 Bg7 5. g3 O-O 6. Bg2 c5 7. O-O Nc6 8. c3 Rb8 9. Re1 b5 10. d4 cxd4 11. cxd4 e5 12. dxe5 dxe5 13. b3 Re8 14.
Bb2 Bg4 15. h3 Bxf3 16. Nxf3 Nd7 17. Rc1 Rc8 18. Bf1 a6 19. a4 Na7 20. Qd6 Nb8 21. Red1 Qxd6 22. Rxd6 Rxc1 23. Bxc1 bxa4 24. bxa4 Nac6 25.
Bc4 Nd4 26. Kg2 a5 27. Be3 Nbc6 28. Bd5 Rc8 29. Rd7 Ne6 30. Ng5 Ncd8 31. Nxe6 Nxe6 32. Bxe6 fxe6 33. Ra7 Rc4 34. Rxa5 Rxe4 35. Ra8+ Kf7 36. a5 Ra4 37. a6 e4 38. a7 Be5 39. Rc8 1-0

[Event "*** Titled Tuesday Blitz"]
[Site "Chess.com"]
[Date "2019.02.05"]
[Round "4"]
[White "Shivagami"]
[Black "TristanCalistri"]
[Result "0-1"]
[WhiteElo "2136"]
[BlackElo "2231"]
[TimeControl "180+2"]
[EndTime "13:48:55 PST"]
[Termination "TristanCalistri won by resignation"]

1. d4 Nf6 2. Bf4 g6 3. e3 Bg7 4. Nf3 O-O 5. Be2 c5 6. c3 b6 7.
O-O Bb7 8. h3 d6 9. a4 a6 10.
Nbd2 Nbd7 11. Bh2 Ra7 12. Qb3 Qa8 13. Rfe1 Bc6 14. Bd3 b5 15. axb5 axb5 16. Rxa7 Qxa7 17. Bxb5 Rb8 18. c4 Bxb5 19. cxb5 Qa5 20. Ng5 e6 21. Rd1 Rxb5 22. Qc2 Qa2 23. Bxd6 Rxb2 24. Qc1 Rc2 25. Qb1 Rxd2 26. Qxa2 Rxa2 27. dxc5 h6 28. c6 hxg5 29. c7 Rc2 30. Rd2 Rc1+ 31. Kh2 Ne4 0-1

[Event "*** Titled Tuesday Blitz"]
[Site "Chess.com"]
[Date "2019.02.05"]
[Round "4"]
[White "HomayoonTofighi"]
[Black "GelmanAlexander"]
[Result "1-0"]
[WhiteElo "2733"]
[BlackElo "2503"]
[TimeControl "180+2"]
[EndTime "13:48:56 PST"]
[Termination "HomayoonTofighi won by resignation"]

1. e4 c5 2. Nf3 e6 3. c3 d5 4.
exd5 exd5 5. Bb5+ Nc6 6. O-O Nf6 7. d4 Be7 8. dxc5 Bxc5 9. Bg5 Be6 10. Nbd2 O-O 11.
Nb3 Bb6 12. Nfd4 Bd7 13. Bd3 h6 14. Bh4 g5 15. Bg3 Ne4 16. Nxc6 bxc6 17. Bxe4 dxe4 18. Bd6 Re8 19. c4 e3 20. fxe3 Bxe3+ 21. Kh1 Be6 22.
Qd3 f5 23. Rad1 Bb6 24. c5 Bc7 25. Rxf5 Bxd6 26. Rff1 Bf7 27. cxd6 Qd7 28. Nc5 Qg4 29. h3 Qc4 30. d7 Rf8 31. Nb7 Qxd3 32. Rxd3 Bc4 33.
Rxf8+ Rxf8 34. d8=Q 1-0

[Event "*** Titled Tuesday Blitz"]
[Site "Chess.com"]
[Date "2019.02.05"]
[Round "4"]
[White "SimonKnightRivendell"]
[Black "HElissalt"]
[Result "0-1"]
[WhiteElo "1998"]
[BlackElo "2092"]
[TimeControl "180+2"]
[EndTime "13:48:57 PST"]
[Termination "HElissalt won by resignation"]

1. Nf3 Nf6 2. g3 b6 3. Bg2 Bb7 4. O-O g6 5. c4 c5 6. Nc3 Bg7 7. d4 cxd4 8. Nxd4 Bxg2 9. Kxg2 Qc8 10. Qd3 Nc6 11. Nxc6 Qxc6+ 12. e4 O-O 13. Be3 Rac8 14.
b3 b5 15. cxb5 Qxc3 16. Qxc3 Rxc3 17. Bxa7 Nxe4 18. b6 Nd6 19. Rac1 Rfc8 20. Rxc3 Rxc3 21. Rd1 Be5 22. b7 Nxb7 23. Rxd7 Rc7 24. Rd5 Bd6 25. Bd4 f6 26. a4 Nc5 27. Bxc5 Rxc5 28. Rd3 Ra5 29.
h4 Kf7 30. Kf3 Rf5+ 31. Ke2 h5 32. f4 g5 33. hxg5 fxg5 34. Kf3 gxf4 35. gxf4 Rxf4+ 36. Ke3 Rg4 37. Rd5 Rg3+ 38. Kf2 Rxb3 39. Rxh5 Ra3 40. a5 Bb4 41. Rh7+ Ke8 42. Rh8+ Kd7 43. Rb8 Bxa5 44.
Ke2 Bc7 45. Rb5 Bd6 46. Rh5 e5 47. Kd2 Kc6 48. Ke2 Kd5 49. Kd2 Bc5 50. Ke2 Kd4 51.
Rh7 e4 52. Rd7+ Kc4 53. Re7 Ra2+ 54. Kd1 Kd3 55. Rd7+ Bd4 56. Rc7 Ra1+ 57. Rc1 Rxc1+ 58. Kxc1 Ke2 0-1

[Event "*** Titled Tuesday Blitz"]
[Site "Chess.com"]
[Date "2019.02.05"]
[Round "4"]
[White "gemarin"]
[Black "SolidAsARook"]
[Result "1-0"]
[WhiteElo "2089"]
[BlackElo "2178"]
[TimeControl "180+2"]
[EndTime "13:48:57 PST"]
[Termination "gemarin won by resignation"]

1. d4 f5 2. g3 Nf6 3. Bg2 e6 4.
Nh3 d5 5. b3 c6 6. O-O Bd6 7. Nd2 O-O 8. Nf3 b6 9. Nf4 Qe8 10. c4 a5 11. Nd3 Bb7 12. Nde5 a4 13. Bf4 Ba3 14. Qc2 Na6 15. Rab1 Nb4 16. Qd2 Ne4 17.
Qd1 Nc3 18. Qe1 Nbxa2 19. bxa4 Nxb1 20. Qxb1 Nc3 21. Qb3 Nxe2+ 22. Kh1 Bd6 23. Qxb6 Nxf4 24. gxf4 Qc8 25. c5 Bxe5 26. fxe5 Rxa4 27. Rb1 Ba6 28.
Qb3 Bb5 29. Ng5 Qe8 30. Qh3 h6 31. Nf3 Qg6 32. Rg1 Qf7 33. Bf1 Kh7 34. Bxb5 cxb5 35. Ng5+ 1-0

[Event "*** Titled Tuesday Blitz"]
[Site "Chess.com"]
[Date "2019.02.05"]
[Round "4"]
[White "minnesotachessmaster"]
[Black "AryanTari"]
[Result "0-1"]
[WhiteElo "2009"]
[BlackElo "2814"]
[TimeControl "180+2"]
[EndTime "13:48:58 PST"]
[Termination "AryanTari won by resignation"]

1. e4 e5 2. Nf3 Nc6 3. Bb5 Nge7 4.
O-O a6 5. Ba4 g6 6. c3 Bg7 7. d4 exd4 8. cxd4 b5 9. Bb3 d6 10. h3 O-O 11. Nc3 Na5 12. Bc2 c5 13.
Be3 Nc4 14. b3 Nxe3 15. fxe3 Nc6 16. Qd2 Bb7 17. Rad1 Rc8 18. Bb1 Ne7 19. Ne2 Qc7 20. Rc1 Qb6 21. Kh1 cxd4 22. exd4 Rxc1 23. Rxc1 Rc8 24. Rxc8+ Bxc8 25. d5 Bd7 26. Ned4 b4 27.
Kh2 a5 28. Bc2 Qc5 29. Qd3 Nc8 30. Qd2 Nb6 31. Qd3 h6 32. Qd2 a4 33. Qd3 a3 34. Qd2 Na8 35. Qd3 Nc7 36. Qd2 Nb5 37. Nxb5 Bxb5 38. Bd3 Bc3 39. Qe2 Bxd3 40. Qxd3 Qf2 41.
e5 Bxe5+ 42. Nxe5 Qf4+ 43. g3 Qxe5 44. Qd2 Qb2 0-1

[Event "*** Titled Tuesday Blitz"]
[Site "Chess.com"]
[Date "2019.02.05"]
[Round "4"]
[White "StephenDedalus83"]
[Black "kuli4ik"]
[Result "0-1"]
[WhiteElo "2716"]
[BlackElo "2846"]
[TimeControl "180+2"]
[EndTime "13:49:01 PST"]
[Termination "kuli4ik won by resignation"]

1. e4 e6 2. d4 d5 3. Nc3 Be7 4. Bd3 c5 5. exd5 exd5 6. dxc5 Nf6 7. Nge2 O-O 8. Bg5 Nbd7 9. O-O Nxc5 10. Nf4 d4 11. Bxf6 Bxf6 12. Ne4 Nxe4 13. Bxe4 g6 14. Qf3 Bg7 15. Nd3 Qc7 16. Rad1 Rb8 17. Bd5 h5 18. h3 Qxc2 19. Rc1 Qd2 20. Rc7 Bf5 21. Rd1 Qg5 22. Bxb7 Be6 23. b3 Rxb7 24. h4 Qxg2+ 25.
Kxg2 Rxc7 26. Re1 Rd8 27. Kg1 Rc3 28. Qe4 Bf6 29. Qf4 Kg7 30. Rd1 Rd5 31. Qe4 Rd8 32. Nf4 Bg4 33. Re1 Bf3 34. Qb1 d3 0-1

[Event "*** Titled Tuesday Blitz"]
[Site "Chess.com"]
[Date "2019.02.05"]
[Round "4"]
[White "KazakhFighter04"]
[Black "RoelandPruijssers"]
[Result "0-1"]
[WhiteElo "2637"]
[BlackElo "2494"]
[TimeControl "180+2"]
[EndTime "13:49:02 PST"]
[Termination "RoelandPruijssers won by checkmate"]

1. e4 e5 2. Nf3 Nc6 3. Bb5 a6 4. Ba4 Nf6 5. O-O Be7 6. Re1 b5 7.
Bb3 O-O 8. h3 d6 9. c3 Na5 10. Bc2 c5 11. d4 Qc7 12. d5 Bd7 13. b3 Rfc8 14. Nbd2 c4 15. b4 Nb7 16.
a4 a5 17. axb5 axb4 18. Rxa8 Rxa8 19. cxb4 Bxb5 20. Nb1 Ra1 21. Bb2 Ra2 22. Qc1 Ra8 23.
Nc3 Bd7 24. Qe3 Nh5 25. Ra1 Rxa1+ 26. Bxa1 Nf4 27. Bb2 Qc8 28. Nd2 Bg5 29. Qe1 Bxh3 30. gxh3 Qxh3 31. Qf1 Qg4+ 32. Kh2 Qh4+ 33. Kg1 Nh3+ 34.
Kg2 Bxd2 35. Ne2 Qg4+ 36. Ng3 Nf4+ 37. Kg1 Be3 38. fxe3 Qxg3+ 39. Kh1 Nh3 40. Qg2 Qxe3 41. Ba4 Nf4 42. Qg4 Qxe4+ 43. Kh2 f5 44. Qg5 h6 45. Qe7 Qg2# 0-1

[Event "*** Titled Tuesday Blitz"]
[Site "Chess.com"]
[Date "2019.02.05"]
[Round "4"]
[White "amiralfio"]
[Black "Elshan1985"]
[Result "1-0"]
[WhiteElo "2383"]
[BlackElo "2751"]
[TimeControl "180+2"]
[EndTime "13:49:02 PST"]
[Termination "amiralfio won by resignation"]

1. d4 g6 2. Nf3 Bg7 3. c4 e6 4.
Nc3 Ne7 5. e4 d5 6. cxd5 exd5 7.
e5 b6 8. Bb5+ c6 9. Be2 h6 10.
h4 Be6 11. Be3 Nd7 12. Qd2 a6 13. O-O c5 14. dxc5 bxc5 15. Na4 d4 16. Bf4 Nd5 17. Bg3 O-O 18. Rac1 Qe7 19. Bc4 Rfc8 20. Rfe1 Nc7 21. Qd3 Bxc4 22. Qxc4 Ne6 23. a3 a5 24. Nd2 Rab8 25. Nb3 h5 26. Nxa5 Bh6 27. Rc2 Ra8 28. b4 Kh7 29. Qb3 Rcb8 30. Nc6 Qe8 31.
Nxb8 Qxb8 32. Nxc5 Ndxc5 33. Rxc5 Nxc5 34. Qxf7+ Bg7 35. e6 Qg8 36. Qxg8+ Kxg8 37. bxc5 d3 38. e7 Kf7 39. Bd6 Bf6 40. Rd1 Bxh4 41. Rxd3 Bxe7 42.
Rf3+ Ke6 43. Re3+ 1-0